 Dungeon Crawl Stone Soup version 0.28-a0-422-gd71735cc25 (webtiles) character file.

Game seed: 9756022470630512895

7707 robertstho the Thaumaturge (level 11, -4/115 HPs)
             Began as a Djinni Fire Elementalist on Sept 8, 2021.
             Was an Initiate of Gozag.
             Slain by a boulder beetle (31 damage)
             ... on level 9 of the Dungeon.
             The game lasted 00:15:34 (11687 turns).

robertstho the Thaumaturge (DjFE)                  Turns: 11687, Time: 00:15:34

Health: -4/115     AC:  6    Str:  7    XL:     11   Next: 42%
Gold:   1432       EV: 13    Int: 23    God:    Gozag SH:  0 Dex: 14

rFire   + + .      SeeInvis .   m - +3 halberd (flame)
rCold   x . .      Faith    .   (shield currently unavailable)
rNeg    + . .      Spirit   .   D - +1 robe {rN+}
rPois   ∞          Reflect  .   c - +1 helmet {Int+3}
rElec   .          Harm     .   o - +0 cloak
rCorr   +          Rampage  .   (no gloves)
Will    .....                   (boots unavailable)
Stlth   ..........              (no amulet)
HPRegen 0.29/turn               s - ring of resist corrosion
MPRegen 0.00/turn               r - +4 ring of slaying

@: mighty, berserking (expiring), weak-willed, gold aura, attractive, flying,
very quick
A: sickness immunity, fire resistance 2, cold vulnerability 1, float, innate
caster, hp casting, extra vitality 1
a: Renounce Religion, Potion Petition, Call Merchant, Bribe Branch


You were on level 9 of the Dungeon.
You worshipped Gozag.
Gozag was most pleased with you.
You visited 1 branch of the dungeon, and saw 9 of its levels.

You collected 1510 gold pieces.
You paid 78 gold pieces to Gozag.

Inventory:

Hand Weapons
 m - a +3 halberd of flaming (weapon)
 x - a +2 falchion of electrocution
Armour
 c - a +1 helmet of intelligence (worn)
 o - a +0 cloak (worn)
 D - a +1 robe of positive energy (worn)
Jewellery
 p - a ring of ice
 r - a +4 ring of slaying (right hand)
 s - a ring of resist corrosion (left hand)
Wands
 u - a wand of polymorph (8)
 y - a wand of charming (16)
Scrolls
 j - 2 scrolls of amnesia
 t - 2 scrolls of holy word
 E - a scroll of enchant armour
Potions
 a - a potion of flight
 d - a potion of berserk rage
 e - a potion of brilliance {unknown}
 g - 2 potions of attraction
 h - 2 potions of might
 k - 4 potions of cancellation
 v - 2 potions of degeneration {unknown}
 z - 2 potions of lignification {unknown}
 B - a potion of magic {unknown}


   Skills:
 * Level 6.3 Fighting
 + Level 1.8 Polearms
 + Level 3.7 Dodging
 + Level 3.2 Stealth
 * Level 11.6 Spellcasting


You had 5 spell levels left.
You knew the following spells:

 Your Spells              Type           Power      Damage    Failure   Level
a - Foxfire               Conj/Fire      100%       2x1d9     1%          1
b - Scorch                Fire           100%       2d10      1%          2
c - Conjure Flame         Conj/Fire      61%        6-21      1%          3
d - Inner Flame           Hex/Fire       61%        N/A       1%          3
e - Flame Wave            Conj/Fire      61%        3d11      1%          4
f - Pain                  Necr           100%       1d9       1%          1
g - Searing Ray           Conj           100%       2d8       1%          2
h - Ozocubu's Armour      Ice            61%        N/A       1%          3
i - Airstrike             Air            30%        N/A       1%          4
j - Silence               Hex/Air        30%        N/A       1%          5
Your spell library was empty.

Dungeon Overview and Level Annotations

Branches:
Dungeon (9/15)             Temple (0/1) D:7            Lair (0/6) D:8
    Orc: D:9-12

Altars:
Cheibriados
Gozag
Makhleb
Trog
Vehumet
Yredelemnul
Zin

Shops:
D:1 [   D:4 *

Annotations:
D:1 Armour shop
D:2 Terence
D:8 exclusion: obsidian statue


Innate Abilities, Weirdness & Mutations

You are immune to sickness and miasma.
You are immune to poison.
Your flesh is very heat resistant. (rF++)
You are vulnerable to cold. (rC-)
You float through the air rather than walking.
You learn spells naturally, not from books.
Your magical power is your life essence.
You have superior vitality. (+4 HP)


Message History

Press: ? - help, Shift-Dir - straight line, f - six-headed hydra
Aim: a six-headed hydra (black smoke, almost dead, inner flame, weak-willed, 90% to hit)
The bolt of acid hits the six-headed hydra!
The now-empty wand crumbles to dust.
The six-headed hydra explodes!
You hear an angry hiss.
A boulder beetle is nearby!
Okay, then.
You feel much better.
The boulder beetle curls into a ball and begins rolling!
It was a potion of might.
You feel very mighty all of a sudden.
It was a potion of attraction.
You feel attractive to monsters.
The boulder beetle is attracted toward you.
It was a potion of curing.
You feel better. The boulder beetle hits you!!!
Ouch! That really hurt!
* * * LOW HITPOINT WARNING * * *
The boulder beetle stops rolling and uncurls.
You feel better.
The boulder beetle leaps!
You feel better.
The boulder beetle leaps!
As you read the scroll of identify, it crumbles to dust.
a - a potion of flight
Okay, then.
It was a potion of berserk rage.
A red film seems to cover your vision as you go berserk!
You feel yourself moving faster!
You feel mighty!
You feel a strong urge to attack something.
The boulder beetle leaps!
The boulder beetle is attracted toward you.
You hit the boulder beetle but do no damage.
The boulder beetle leaps!
The boulder beetle curls into a ball and begins rolling!
The boulder beetle is attracted toward you.
You see here 4 gold pieces.
You hit the boulder beetle. You burn the boulder beetle.
The boulder beetle is lightly wounded.
The boulder beetle hits you!!
You die...
Your body crumbles into a pile of gold.

##...###...#..# ##.
...###...#.##.#
#}))##
.##....###..#.###
#:..##
...###...##.#...##
##=#
#....###.#..#..#.##
##.## #.#...
###.....##.###.##
.. ..
###..####...### ..
# #########°..## #
#.@8.8.8..#
#8§B§...$8#
##§§§§§§.##
#8§§8§.8# ##§.§§§##
$ #8§§.8# $ ##.§§##
8.8# #)##


You could see a boulder beetle (rolling).

Vanquished Creatures
  A hydra (D:9)
  A two-headed ogre (D:9)
  Pikel (D:8)
  An elephant (D:8)
  A hornet (D:9)
  Grinder (D:5)
  3 wyverns
  6 yaks (D:9)
  A steam dragon (D:8)
  A water moccasin (D:3)
  Duvessa (D:5)
  2 sky beasts
  An orc warrior (D:8)
  5 black bears
  3 ogres
  A necrophage (D:6)
  5 centaurs
  3 kobold brigands
  Blork the orc (D:5)
  3 bullfrogs
  2 gnoll sergeants
  Dowan (D:5)
  10 killer bees (D:9)
  5 wights (D:8)
  4 electric eels (D:8)
  A jelly (D:6)
  3 orc priests
  A bullfrog skeleton (D:5)
  2 iguanas
  Ijyb (D:5)
  4 orc wizards
  18 gnolls
  6 adders
  2 shadow imps (D:5)
  2 white imps
  A worm (D:2)
  5 dart slugs
  16 orcs
  6 ball pythons
  2 bats
  8 endoplasms
  2 giant cockroaches
  6 goblins
  4 hobgoblins
  25 kobolds
  2 quokkas (D:1)
  4 frilled lizards
  8 rats
193 creatures vanquished.

Vanquished Creatures (collateral kills)
  13 foxfires (D:1)
13 creatures vanquished.

Vanquished Creatures (others)
  630 foxfires
  A fungus (D:8)
  7 plants
638 creatures vanquished.

Grand Total: 844 creatures vanquished

Notes
Turn   | Place    | Note
-------+----------+-------------------------------------------
     0 | D:1      | robertstho the Djinni Fire Elementalist began the quest for
                  | the Orb.
     0 | D:1      | Reached XP level 1. HP: 15/15 MP: 0/0
   405 | D:1      | Reached XP level 2. HP: 18/21 MP: 0/0
   912 | D:1      | Found a faded altar of an unknown god.
   923 | D:1      | Reached skill level 3 in Spellcasting
  1003 | D:1      | Reached XP level 3. HP: 25/26 MP: 0/0
  1003 | D:1      | Learned a level 1 spell: Pain
  1210 | D:1      | Found Gogger's Armour Shop.
  1964 | D:2      | Found a burning altar of Makhleb.
  2657 | D:2      | Reached XP level 4. HP: 25/31 MP: 0/0
  3029 | D:2      | Noticed Terence
  3047 | D:2      | You are sucked into a shaft and drop 1 floor!
  3098 | D:3      | Reached XP level 5. HP: 16/36 MP: 0/0
  3098 | D:3      | Learned a level 2 spell: Searing Ray
  3440 | D:3      | Found a snail-covered altar of Cheibriados.
  3455 | D:3      | Reached skill level 1 in Fighting
  3455 | D:3      | Reached skill level 4 in Spellcasting
  3773 | D:3      | Noticed a water moccasin
  3778 | D:3      | Killed a water moccasin
  3779 | D:3      | Reached XP level 6. HP: 28/42 MP: 0/0
  4054 | D:3      | Reached skill level 5 in Spellcasting
  4416 | D:2      | Identified a scroll of acquirement
  4416 | D:2      | Acquired a +1 helmet of intelligence
  4929 | D:3      | Reached XP level 7. HP: 42/48 MP: 0/0
  4929 | D:3      | Learned a level 3 spell: Ozocubu's Armour
  5349 | D:4      | Found an opulent altar of Gozag.
  5372 | D:4      | Became a worshipper of Gozag Ym Sagoz the Greedy
  5876 | D:4      | Found Malledd's Assorted Antiques.
  5949 | D:5      | Entered Level 5 of the Dungeon
  6118 | D:5      | Noticed Blork the orc
  6123 | D:5      | Reached skill level 6 in Spellcasting
  6123 | D:5      | Noticed Dowan
  6127 | D:5      | Killed Blork the orc
  6128 | D:5      | Reached XP level 8. HP: 22/55 MP: 0/0
  6337 | D:5      | Noticed Duvessa
  6337 | D:5      | Noticed Grinder
  6345 | D:5      | Killed Dowan
  6351 | D:5      | Killed Grinder
  6581 | D:5      | Found a basalt altar of Yredelemnul.
  6789 | D:5      | Noticed Ijyb
  6797 | D:5      | Killed Ijyb
  6858 | D:5      | Reached skill level 7 in Spellcasting
  6938 | D:5      | Killed Duvessa
  7142 | D:6      | Reached XP level 9. HP: 41/61 MP: 0/0
  7142 | D:6      | Learned a level 4 spell: Airstrike
  7271 | D:6      | Reached skill level 1 in Polearms
  7471 | D:6      | Reached skill level 8 in Spellcasting
  7814 | D:6      | Found a bloodstained altar of Trog.
  8124 | D:7      | Found a staircase to the Ecumenical Temple.
  9187 | D:7      | Found a glowing silver altar of Zin.
  9247 | D:8      | Noticed Pikel
  9541 | D:8      | Killed Pikel
  9542 | D:8      | Reached skill level 9 in Spellcasting
  9542 | D:8      | Reached XP level 10. HP: 62/69 MP: 0/0
 10119 | D:8      | Reached skill level 10 in Spellcasting
 10124 | D:8      | Reached skill level 5 in Fighting
 10537 | D:8      | Found a staircase to the Lair.
 10545 | D:8      | Noticed an elephant
 10554 | D:8      | Killed an elephant
 10834 | D:8      | Noticed an obsidian statue
 10834 | D:8      | Found the necklace of Bloodlust {*Rage +Rage Will++ Int-3
                  | Slay+6}
 11374 | D:9      | Noticed a two-headed ogre
 11379 | D:9      | Reached XP level 11. HP: 39/76 MP: 0/0
 11379 | D:9      | Learned a level 5 spell: Silence
 11384 | D:9      | Killed a two-headed ogre
 11385 | D:9      | Reached skill level 11 in Spellcasting
 11661 | D:9      | Noticed a six-headed hydra
 11663 | D:9      | Noticed a boulder beetle
 11675 | D:9      | Killed a six-headed hydra
 11679 | D:9      | HP: 1/77 [boulder beetle (41)]
 11687 | D:9      | Slain by a boulder beetle

Illustrated notes

Levels and vault maps discovered:
D:1:      roderic_crop_circles_arrival_small, layout_loops_cross,
          hellmonk_ecumenical_altar_crossroads, serial_shops,
          nicolae_shop_behind_doors, minmay_splitting_lines
D:2:      layout_basic, basic_altar, grunt_decor_one_mirror,
          minmay_quadrilaterals, uniq_terence
D:3:      layout_loops_ring, lemuel_crystal_altar, kennysheep_generic_room_5
D:4:      layout_basic, general_overflow_altar, serial_shops,
          nicolae_shop_stone, grunt_ministairs_10
D:5:      layout_basic, nicolae_overflow_crystal_walls,
          kennysheep_big_empty_room, uniq_ijyb, uniq_duvessa, uniq_grinder,
          uniq_blork_the_orc
D:6:      layout_cave_pools, mainiacjoe_overflow_boulevard
D:7:      layout_loops_corners, zin_treasury, minmay_temple_entry_wispy
D:8:      statuecave_lemuel, layout_layer_cave, nicolae_vehumet_altar_sigil,
          david_lair_generic, serial_bayou_pond_e, uniq_pikel
D:9:      minmay_the_grid_four_pointed_star
          [minmay_the_grid_triangle_9x9_shrine,
          minmay_the_grid_triangle_9x9_sprig,
          minmay_the_grid_triangle_9x9_wacky_v,
          minmay_the_grid_triangle_9x9_corrupted_corridor,
          minmay_the_grid_prize_diamond_cup], layout_cave_pools,
          mainiacjoe_overflow_paths, grunt_temple_overflow_open

Skill      XL: |  1  2  3  4  5  6  7  8  9 10 11 |
---------------+----------------------------------+-----
Spellcasting   | 3 4 5 6 7 9 10 11 | 11.6
Fighting       | 1 2 3 4 5 6 |  6.3
Stealth        | 2 3 |  3.2
Dodging        | 3 |  3.7
Polearms       | 1 |  1.8

Action                   |  1- 3 |  4- 6 |  7- 9 | 10-12 || total
-------------------------+-------+-------+-------+-------++-------
Melee: Unarmed           |     1 |       |       |       ||     1
       Halberd           |       |       |    16 |     4 ||    20
 Cast: Foxfire           |   100 |    68 |   152 |    65 ||   385
       Scorch            |     1 |    10 |    48 |    14 ||    73
       Flame Wave        |       |       |     4 |    21 ||    25
       Airstrike         |       |       |       |     2 ||     2
Evoke: Wand              |       |       |       |     2 ||     2
  Use: Scroll            |       |     3 |     2 |     9 ||    14
       Potion            |       |       |       |     9 ||     9
 Stab: Sleeping          |       |       |     3 |       ||     3
Armor: Robe              |     2 |     4 |     6 |     3 ||    15
Dodge: Dodged            |    10 |     8 |    24 |    22 ||    64

Table legend: (Time is in decaauts)
 A = Elapsed time spent in this place.
 B = Non-inter-level travel time spent in this place.
 C = Inter-level travel time spent in this place.
 D = Time resting spent in this place.
 E = Time spent auto-exploring this place.
 F = Levels seen in this place.
 G = Mean time per level.
                   A        B        C        D        E       F      G
               +--------+--------+--------+--------+--------+-----+--------+
         Total |  11696 |  11363 |    333 |   1418 |   8678 |   9 | 1299.6 |
       Dungeon |  11696 |  11363 |    333 |   1418 |   8678 |   9 | 1299.6 |
               +--------+--------+--------+--------+--------+-----+--------+

Top non-repeatable levels by time:
     D:7: 1902 daAuts
     D:2: 1870 daAuts
     D:1: 1768 daAuts
     D:3: 1442 daAuts
     D:8: 1246 daAuts
     D:4: 1103 daAuts
     D:5: 882 daAuts
     D:6: 853 daAuts
     D:9: 627 daAuts
